Cogmind - Beta 13 *** ADVENTURER MODE // 2024.08.05 @ 17:41:24 Player: Ms. V3-11A Result: Smashed by cave-in Performance ------------- Evolutions (0) 0 Regions Visited (4) 800 Robots Destroyed (12) 60 Value Destroyed (210) 210 Prototype IDs (0) 0 Alien Tech Used (0) 0 Bonus (-61) -61 TOTAL SCORE: 1009 Bonus ------- Follower Combat Kills 60 Friendly Fire -121 Cogmind --------- Core Integrity 0/250 Matter 300/300 Energy 137/250 System Corruption 31% Temperature Critical (540) Movement Core (900) Ox17 Location -9/Mines Parts ------- > --- POWER (1) -------- Ion Engine > --- PROPULSION (2) --- (None) > --- UTILITY (2) ------ High-capacity Storage Unit > --- WEAPON (2) ------- Heavy EM Pulse Gun Beamcaster > --- INVENTORY (20) --- Ion Engine Ion Engine Light Nuclear Core High-capacity Storage Unit High-capacity Battery (250) High-capacity Matter Pod (200) Experimental Sensor Array Core Shielding EM Pulse Gun Heavy EM Pulse Gun Heavy EM Pulse Gun Light Assault Rifle Light Assault Rifle EMP Blaster Peak State ------------ > --- POWER ------------ Ion Engine > --- PROPULSION ------- Carbon-fiber Leg Makeshift Leg > --- UTILITY ---------- High-capacity Storage Unit Core Shielding > --- WEAPON ----------- Heavy EM Pulse Gun Beamcaster > --- INVENTORY -------- Ion Engine Ion Engine Light Nuclear Core High-capacity Storage Unit High-capacity Battery High-capacity Matter Pod Experimental Sensor Array Core Shielding EM Pulse Gun Heavy EM Pulse Gun Heavy EM Pulse Gun Light Assault Rifle Light Assault Rifle [Rating: 19] Favorites ----------- Power Ion Engine Engine Ion Engine Propulsion Light Treads Treads Light Treads Leg Carbon-fiber Leg Utility Core Shielding Storage Large Storage Unit Protection Core Shielding Weapon Light Assault Rifle Energy Gun Heavy EM Pulse Gun Ballistic Gun Light Assault Rifle Launcher EMP Blaster Build | -11 -10 -10 -10 -9 ------- Run | Yrd Mat Min Exi Min Slots Evolved . | . . . . . Power . | . . . . . Propulsion . | . . . . . Utility . | . . . . . Weapon . | . . . . . Parts Attached 12 | 3 3 1 1 4 Power . | . . . . . Engine . | . . . . . Core . | . . . . . Reactor . | . . . . . Propulsion 4 | 2 . . . 2 Treads 2 | 2 . . . . Leg 2 | . . . . 2 Wheel . | . . . . . Hover . | . . . . . Flight . | . . . . . Utility 3 | . 2 . 1 . Device . | . . . . . Storage 2 | . 1 . 1 . Processor . | . . . . . Hackware . | . . . . . Protection 1 | . 1 . . . Artifact . | . . . . . Weapon 5 | 1 1 1 . 2 Energy Gun 4 | 1 1 1 . 1 Energy Cannon . | . . . . . Ballistic Gun . | . . . . . Ballistic Cannon . | . . . . . Launcher 1 | . . . . 1 Special Weapon . | . . . . . Impact Weapon . | . . . . . Slashing Weapon . | . . . . . Piercing Weapon . | . . . . . Special Melee Weapon . | . . . . . Unidentified Prototypes . | . . . . . Corrupted Parts 3 | . . . . 3 System Corruption 27 | . . . . 27 Parts Lost 5 | . . 1 . 4 Power . | . . . . . Propulsion 3 | . . . . 3 Utility 1 | . . . . 1 Weapon 1 | . . 1 . . Highest Loss Streak 3 | . . 1 . 3 To Critical Strikes . | . . . . . Average Slot Usage (%) 98 | . 93 99 100 98 Engine 14 | . 14 14 14 14 Treads 26 | . 28 28 28 18 Leg 1 | . . . . 8 Storage 14 | . 14 14 14 14 Protection 12 | . 7 14 14 14 Energy Gun 14 | . 14 13 14 18 Ballistic Gun 11 | . 14 14 14 2 Launcher 1 | . . . . 6 Naked Turns . | . . . . . Heaviest Build 54 | 13 30 30 50 54 Greatest Support 40 | 40 40 40 40 40 Greatest Overweight (x) 2 | . . . 1 2 Average Overweight (x) . | . . . . 1 Largest Inventory Capacity 20 | 8 15 15 20 20 Average Capacity 15 | 8 11 15 15 20 Most Carried 14 | 6 11 12 14 14 Average Carried 11 | 4 6 11 12 13 Final Capacity 20 | 8 15 15 20 20 Final Carried 14 | 2 11 11 13 14 Class Distribution -------------------- 100% | Mutant Dominant Class ---------------- Mutant | -10/Materials Mutant | -10/Mines Mutant | -10/Exiles Mutant | -9/Mines Resources | -11 -10 -10 -10 -9 ----------- Run | Yrd Mat Min Exi Min Matter Collected 358 | 200 68 20 . 70 Remotely . | . . . . . Salvage Created 413 | . 178 60 . 175 Parts 21 | . 8 5 . 8 Haulers Intercepted . | . . . . . Recyclers Shooed . | . . . . . Parts Field Recycled . | . . . . . Retrieved Matter . | . . . . . Parts Self-Destructed . | . . . . . Prevented . | . . . . . Kills | -11 -10 -10 -10 -9 ------- Run | Yrd Mat Min Exi Min Combat Hostiles Destroyed 17 | . 4 4 . 9 Guns 14 | . 3 3 . 8 AOE 3 | . 1 1 . 1 Classes Destroyed 4 | . 1 1 . 2 Swarmer 6 | . . 3 . 3 Grunt 4 | . 4 . . . Zionite 1 | . . . . 1 Assembled 6 | . . . . 6 Best Kill Streak 3 | . 2 3 . 3 Combat Bots Only 3 | . 2 3 . 3 Max Kills in Single Turn 1 | . 1 1 . 1 Gunslinging . | . . . . . Exploded 1 | . 1 1 . 1 Melee . | . . . . . Uniques/NPCs Destroyed 1 | . . 1 . . YI-UF0 (-10/Mines) Combat | -11 -10 -10 -10 -9 -------- Run | Yrd Mat Min Exi Min Hostile Shots Fired 73 | . 15 28 . 30 Missed 27 | . 7 8 . 12 Damage Taken 998 | . 81 328 . 589 Core 254 | . 12 73 . 169 Absorbed by Shields . | . . . . . Redirected to Shielding 34 | . . 14 . 20 Ignored by Resistances 225 | . 24 93 . 108 Core Remaining (%) 100 | 100 . . . . Volleys Fired 50 | . 8 14 . 28 Largest 2 | . 2 2 . 2 Hottest 120 | . 65 65 . 120 Shots Fired 89 | . 16 27 . 46 Gun 84 | . 16 27 . 41 Cannon . | . . . . . Launcher 5 | . . . . 5 Special . | . . . . . Kinetic 27 | . 8 14 . 5 Thermal 14 | . . . . 14 Explosive . | . . . . . Electromagnetic 48 | . 8 13 . 27 Robot Hit Streak 8 | . 8 8 . 8 Robot Miss Streak 3 | . 3 3 . 3 Penetration Max . | . . . . . Secondary Targets 4 | . 1 1 . 2 Max Gunslinging Chain 1 | . 1 1 . 1 Shots Hit Robots 58 | . 10 18 . 30 Core Hits 33 | . 8 11 . 14 Critical Kills . | . . . . . Critical Parts Destroyed . | . . . . . Critical Strikes 1 | . . . . 1 Corrupt 1 | . . . . 1 Melee Attacks . | . . . . . Impact . | . . . . . Slashing . | . . . . . Piercing . | . . . . . Sneak Attacks . | . . . . . Combat Hostiles . | . . . . . Follow-up Attacks . | . . . . . Damage Inflicted 1044 | . 216 190 . 638 Guns 721 | . 127 152 . 442 Cannons . | . . . . . Explosions 306 | . 83 27 . 196 Melee . | . . . . . Ramming 17 | . 6 11 . . Kinetic 123 | . 41 48 . 34 Thermal 322 | . 83 27 . 212 Explosive . | . . . . . Electromagnetic 582 | . 86 104 . 392 Impact . | . . . . . Slashing . | . . . . . Piercing . | . . . . . Highest Corruption 27 | . . . . 27 Average Corruption 25 | . . . . 25 Corruption Purged . | . . . . . Corruption Blocked . | . . . . . Effects 11 | . . . . 11 Message Errors 4 | . . . . 4 Matter Fused 1 | . . . . 1 Energy Discharges 1 | . . . . 1 Data Loss (minor) 3 | . . . . 3 Alerts 1 | . . . . 1 Weapon Failures 1 | . . . . 1 Overload Shots . | . . . . . Overflow Damage 8 | . . . . 8 Projectiles . | . . . . . Explosions 8 | . . . . 8 Melee . | . . . . . Knockbacks . | . . . . . Impact . | . . . . . Kinetic . | . . . . . Secondary . | . . . . . Self-Inflicted Damage 52 | . . . . 52 Shots 4 | . . . . 4 Rammed 5 | . 1 4 . . Targets Rammed 5 | . 1 4 . . Kicked . | . . . . . Crushed . | . . . . . Highest Temperature 540 | . 56 60 . 540 Average Temperature 94 | . 29 34 . 146 Received Heat Transfer 66 | . 60 6 . . Effects 3 | . . . . 3 Shutdowns 1 | . . . . 1 Energy Bleed 1 | . . . . 1 Damage (minor) 1 | . . . . 1 Siege Activations . | . . . . . Robots Corrupted . | . . . . . Combat Hostiles . | . . . . . Parts Fried . | . . . . . Impact Corruptions . | . . . . . Robots Melted . | . . . . . Combat Hostiles . | . . . . . Parts Melted . | . . . . . Heat Transferred 520 | . 100 50 . 370 Parts Sabotaged . | . . . . . Parts Stolen . | . . . . . Parts Stripped . | . . . . . Power Chain Reactions 3 | . 1 1 . 1 Alert | -11 -10 -10 -10 -9 ------- Run | Yrd Mat Min Exi Min Peak Influence 91 | . 91 73 . 78 Initial 15 | . . 15 . . Average 38 | . 49 28 . 48 Maximum Alert Level . | . . . . . Low Security (%) 100 | 100 100 100 . 100 Level 1 . | . . . . . Level 2 . | . . . . . Level 3 . | . . . . . Level 4 . | . . . . . Level 5 . | . . . . . High Security . | . . . . . Max Security . | . . . . . Squads Dispatched . | . . . . . Investigation . | . . . . . Extermination . | . . . . . Reinforcement . | . . . . . Assault . | . . . . . Garrison . | . . . . . Intercept . | . . . . . Searches Triggered . | . . . . . Construction Impeded . | . . . . . Haulers Reinforced . | . . . . . Active Scanning Responses . | . . . . . Cargo Convoy Interrupts . | . . . . . Stealth | -11 -10 -10 -10 -9 --------- Run | Yrd Mat Min Exi Min Distress Signals 1 | . . . . 1 Communications Jammed . | . . . . . Distress Signals . | . . . . . Times Spotted 24 | . 8 6 . 10 Peak Tracking Total 4 | . 4 3 . 3 Tactical Retreats 1 | . . . . 1 Traps | -11 -10 -10 -10 -9 ------- Run | Yrd Mat Min Exi Min Traps Triggered . | . . . . . Indirectly . | . . . . . Trap Hack Attempts . | . . . . . Triggered . | . . . . . Disarmed . | . . . . . Reprogrammed . | . . . . . Reused . | . . . . . Traps Extracted . | . . . . . Installed . | . . . . . Triggered . | . . . . . Machines | -11 -10 -10 -10 -9 ---------- Run | Yrd Mat Min Exi Min Machines Disabled . | . . . . . Max in Single Turn . | . . . . . Machines Repaired . | . . . . . Machines Dismantled . | . . . . . Machines Sabotaged . | . . . . . Overloaded Fab Kills . | . . . . . Hacking | -11 -10 -10 -10 -9 --------- Run | Yrd Mat Min Exi Min Machines Accessed 2 | . 1 . 1 . Terminals 1 | . 1 . . . Fabricators . | . . . . . Repair Stations . | . . . . . Recycling Units . | . . . . . Scanalyzers . | . . . . . Garrison Access . | . . . . . Total Hacks 6 | . 2 . 4 . Successful 6 | . 2 . 4 . Failed . | . . . . . Catastrophic . | . . . . . Database Lockouts . | . . . . . Manual 2 | . 2 . . . Terminals 2 | . 2 . . . Fabricators . | . . . . . Repair Stations . | . . . . . Recycling Units . | . . . . . Scanalyzers . | . . . . . Garrison Access . | . . . . . Terminal Hacks 5 | . 1 . 4 . Record 4 | . . . 4 . Branch Access Points 1 | . 1 . . . Fabricator Hacks . | . . . . . Repair Station Hacks . | . . . . . Recycling Unit Hacks . | . . . . . Scanalyzer . | . . . . . Garrison Access Hacks . | . . . . . Unauthorized Hacks 1 | . 1 . . . Terminals 1 | . 1 . . . Botnet 1 | . 1 . . . Fabricators . | . . . . . Repair Stations . | . . . . . Recycling Units . | . . . . . Scanalyzers . | . . . . . Garrison Access . | . . . . . Data Cores Recovered . | . . . . . Used . | . . . . . Hacking Detections . | . . . . . Full Trace Events . | . . . . . Feedback Events . | . . . . . Feedback Blocked . | . . . . . Robot Schematics Acquired . | . . . . . Robots Built . | . . . . . Authchips . | . . . . . Time . | . . . . . Total Robot Build Rating . | . . . . . Part Schematics Acquired . | . . . . . Parts Built . | . . . . . Authchips . | . . . . . Time . | . . . . . Total Part Build Rating . | . . . . . Parts Repaired . | . . . . . Time . | . . . . . Parts Recycled . | . . . . . Recycled Matter . | . . . . . Retrieved Matter . | . . . . . Retrieved Components . | . . . . . Parts Scanalyzed . | . . . . . Part Schematics Acquired . | . . . . . Parts Damaged . | . . . . . Bothacking | -11 -10 -10 -10 -9 ------------ Run | Yrd Mat Min Exi Min Used RIF Installer . | . . . . . Robots Hacked . | . . . . . Non-combat . | . . . . . Combat . | . . . . . Robot Hacks Applied . | . . . . . Relay Couplers Released . | . . . . . Fabnet Peak Effective % . | . . . . . Robots Rewired . | . . . . . Allies Hacked . | . . . . . Hacks Repelled . | . . . . . Allies | -11 -10 -10 -10 -9 -------- Run | Yrd Mat Min Exi Min Total Allies 6 | . . 4 . 2 Largest Group 3 | . . 3 . 2 Highest-Rated Group 45 | . . 40 . 45 Highest-Rated Ally 31 | . . 31 . 31 Total Orders . | . . . . . Ally Attacks 20 | . . 14 . 6 Total Damage 217 | . . 176 . 41 Kills 4 | . . 2 . 2 Allies Corrupted . | . . . . . Allies Melted . | . . . . . Intel | -11 -10 -10 -10 -9 ------- Run | Yrd Mat Min Exi Min Robot Analysis Total . | . . . . . Derelict Logs Recovered 2 | . . 1 . 1 Drone Launches . | . . . . . Drone Recoveries . | . . . . . Exploration | -11 -10 -10 -10 -9 ------------- Run | Yrd Mat Min Exi Min Turns Passed 3003 | 11 528 1113 797 554 Spaces Moved 1553 | 5 306 667 431 144 Core . | . . . . . Treads 1482 | 1 306 667 431 77 Legs 71 | 4 . . . 67 Wheels . | . . . . . Hover . | . . . . . Flight . | . . . . . Fastest Speed 120 | 120 160 160 160 200 Average Speed 167 | 128 160 160 165 223 Slowest Speed 320 | 160 160 160 240 320 Overloaded Moves . | . . . . . Propulsion Burnouts . | . . . . . Robots Hopped . | . . . . . Cave-ins Triggered 1 | . . . . 1 Exploration Rate (%) 53 | 2 38 97 90 38 Regions Visited 4 Branch Regions 3 Pre-discovered Areas 1 | . . . 1 . Known Exits Taken 1 | . 1 . . . Unknown Exits Taken 3 | 1 . 1 1 . Scrap Searched 1 | . . 1 . . Spaces Dug . | . . . . . Terrain Destroyed 23 | . 7 3 . 13 Melee . | . . . . . Projectile 1 | . . . . 1 AOE 22 | . 7 3 . 12 Terrain Rammed . | . . . . . Walls Destroyed . | . . . . . Machines Disabled . | . . . . . Actions | -11 -10 -10 -10 -9 --------- Run | Yrd Mat Min Exi Min Total 1875 | 11 330 686 518 330 Wait 234 | . . . 82 152 Move 1549 | 4 305 666 430 144 Hop . | . . . . . Pick Up 15 | . 10 1 3 1 Fast Attach 4 | . 1 . . 3 Attach 3 | 2 . 1 . . Detach . | . . . . . Swap 5 | 1 2 . 1 1 Drop 10 | 4 3 . 2 1 Fire 50 | . 8 14 . 28 Melee . | . . . . . Ram . | . . . . . Kick . | . . . . . Crush 5 | . 1 4 . . Escape Stasis . | . . . . . Rewire . | . . . . . Trap . | . . . . . Miscellaneous . | . . . . . Route ------- -11/Scrapyard -10/Materials -10/Mines (discovered 3 exits: [*Mat x2] / *Exi) -10/Exiles -9/Mines (discovered 1 exit: Mat) History --------- Turn | Location | Event 1 | -11/Scrapyard | Discovered new exit (range 3) 12 | -11/Scrapyard | Entered Materials 37 | -10/Materials | Identified exit to Mines 306 | -10/Materials | Build established: Mutant 540 | -10/Materials | Entered Mines 547 | -10/Mines | Assisted by bots powering up and referring to "LRC-V3" 681 | -10/Mines | Found a damaged Exp. Sensor Array with a note attached 691 | -10/Mines | Found Prototype Device 846 | -10/Mines | Discovered new exit (range 16) 888 | -10/Mines | Destroyed YI-UF0 911 | -10/Mines | Lost 3 allies 1182 | -10/Mines | Discovered new exit (range 13) 1217 | -10/Mines | Received a Mining Laser from a helpful Derelict 1469 | -10/Mines | Learned location of 1 exit from Materials 1646 | -10/Mines | Deemed a non-threat by the Exiles lab entrance 1646 | -10/Mines | Discovered new exit (range 5) 1653 | -10/Mines | Entered Exiles 1692 | -10/Exiles | Met 8R-AWN 1719 | -10/Exiles | Met EX-HEX 1817 | -10/Exiles | Met EX-DEC 1844 | -10/Exiles | Visited The Gauntlet 2100 | -10/Exiles | Learned location of Zion (-6) 2140 | -10/Exiles | Met EX-BIN 2346 | -10/Exiles | Discovered new exit (range 10) 2450 | -10/Exiles | Entered Mines 2553 | -9/Mines | Identified exit to Materials 2561 | -9/Mines | Assembled infested the area 2566 | -9/Mines | Assisted by a Guerilla fighting off Assembled 2823 | -9/Mines | System corruption reached 10% 2896 | -9/Mines | Core integrity fell below 50% 2923 | -9/Mines | Found a hidden stash of uninstalled traps 3005 | -9/Mines | Crushed by falling debris 3005 | -9/Mines | Smashed by cave-in Last Messages --------------- 02978_ System corrupted: Hvy. EM Pulse Gun failed to cycle. 02980_ as-84190 sneak attacks. 02980_ U-05 Engineer system corrupted by crushing effect. 02987_ as-71520 destroyed. 02987_ Switching to secondary target: as-84190. 02989_ System corrupted: IFF burst signal emitted. 02990_ Knocked back. 02996_ as-84190 destroyed. 02998_ Mak. Leg destroyed. 03001_ Overheating: Energy bleed (-18). 03002_ Power failure, Ion Engine shutdown. 03002_ as-81893 destroyed. 03003_ Overheating: Ion Engine damaged (-6). 03004_ System corrupted: Component data lost. 03005_ The unstable cave ceiling collapses. 03005_ Crushed by falling debris. 03005_ Carbon-fiber Leg destroyed. 03005_ System corrupted by crushing effect (+3). 03005_ Core Shielding destroyed. 03005_ System corrupted by crushing effect (+1). Map ----- +----------------------------------------------------+ | ??????????????????????????????????? | | ??????????????????????????????????? | | ??????????????????????????????????? | | ??????????????????????????????????? | | ??????????????????????????????????? | | ??????????????????????????????????? | | ??????????????????????????????????? | | ??????????????????????????????????? | | ??????????????????????????????????? | | ??????????????????????????????????? | | ??????????????????????????????????? | | ???????????*??????????????????????? | | ???????????!??????????????????????? | | ????????? % ??????????????????????? | | ?????????"" ??????????????????????? | | ????????? !??????????????????????? | | ????????? *%??????????????????????? | | ????????? ??????????????????????? | | ?????????# #?????????????????????? | | ?????????# #?????????????????????? | | ?????????? =#?##??????????????????? | | ??????????!%## #??????????????????? | | ?????????? % ???????????????????? | | ?????????? ????????????????????? | | ?????????##%#??#??????????????????? | | ?????????#@%#? #??????????????????? | | ?????????##%# ## ????????? | | ?????##### = ????????? | | ????## # # !! !|%! #?????????? | | ???## ### ##%!! #??????????? | | ???# # # #?????? ##????????? | | ???# #??# ?????#### | | ???# # # %## # ## #???### # | | ???## ###?? % % #### | | ????# ##??##?## ?# | | ????## #####???? # ???# | | ?????# #????? ???## | | ?????## #### #?????# #???## | | ??????## ##??# #?????# #??## | | ???????####???# #??#### #### | | ??????????????# ##?# % """" | | ???????????#### ### """" | | ??????????## ## """" | | ??????????#&& ## ### | | ??????????# & ### #?## ##### | | ??????????#&& #?# #??# ##???? | | ??????????# #??# ##????? | | ??????????## #### #??# #?????? | | ???????????######??# #??# #?????? | | ???????????????????# #??# #?????? | +----------------------------------------------------+ Best States ------------- Heat Dissipation 25 Energy Generation 10 Energy Capacity 250 Matter Stores 300 Matter Capacity 300 Sight Range 16 Terrain Scan Density 10 Resistance: KI 20 Resistance: TH 20 Resistance: EX 20 Resistance: EM 20 Resistance: I 20 Resistance: S 20 Resistance: P 20 Core Shielding 20 Evasion (%) 40 Recoil Reduction 2 Offensive Hacking 10 Item Schematics ----------------- None Robot Schematics ------------------ None Fabricated ------------ Nothing Alien Tech Used ----------------- None Achievements -------------- None Challenges ------------ None Game ------ Seed SlugImpulseNanoactuators Manual? 0 Play Time 00:14:29 Cumulative 240.9 hours Start 2024.08.05 @ 17:29:40 End 2024.08.05 @ 17:41:24 Sessions 1 Manual Loads 0 Difficulty Adventurer Special Mode None Game No. 180 Rogue 63 Adventurer 91 Explorer 26 Win Type - Total 1 Types 1/0/0/0/0/0/0/0/0 Lore% 59 Gallery% 72 Achievement% 68 Wizard Run 0 Options --------- Layout 1 ASCII 0 Keyboard 0 Movement Arrows Keybinds 0 Fullscreen 0 Font 16/Cog Map View 64x42 Zoom Use 0% Tactical HUD 1 Map Filters NONE Filters BRIGHTNESS(115)|SATURATION(100)|LOW_CONTRAST(0,16,30) Steam 1 RUN: 8f175052-5c72-4cb7-a5ef-fdadba9ce6d6